 Dungeon Crawl Stone Soup version 0.30-a0-458-g86641cc369 (webtiles) character file.

Game seed: 3441031164361907217

5757 oldriver the Skirmisher (level 10, -2/83 HPs)
             Began as a Barachi Hexslinger on Dec 15, 2022.
             Was a Priest of Cheibriados.
             Slain by a boulder beetle (17 damage)
             ... on level 9 of the Dungeon.
             The game lasted 00:17:54 (9839 turns).

oldriver the Skirmisher (Barachi Hexslinger)        Turns: 9839, Time: 00:18:00

Health: -2/83      AC: 20    Str: 18    XL:     10   Next: 78%
Magic:  11/11      EV: 17    Int: 21    God:    Cheibriados [***...]
Gold:   300        SH:  5    Dex: 24    Spells: 10/11 levels left

rFire   . . .      SeeInvis .    a - +4 sling
rCold   + + .      Faith    .    (no shield)
rNeg    . . .      Spirit   .    j - +2 ring mail {rC+}
rPois   .          Reflect  +    n - +2 helmet
rElec   .          Harm     .    p - +0 cloak
rCorr   .          Rampage  .    v - +0 pair of gloves
Will    .....                    y - +3 pair of mountain boots {steadfast, rC+}
Stlth   +.........               s - amulet of reflection
HPRegen 0.33/turn                u - +4 ring of evasion
MPRegen 0.12/turn                (no ring)

@: studying Armour, very slow
A: amphibious, slowness 1, strong legs 1, +LOS
a: Hop, Renounce Religion, Bend Time, Temporal Distortion


You were on level 9 of the Dungeon.
You worshipped Cheibriados.
Cheibriados was most pleased with you.
You visited 2 branches of the dungeon, and saw 10 of its levels.
You also visited: Sewer and Bailey.

You collected 300 gold pieces.

Inventory:

Hand Weapons
 a - a +4 sling (weapon)
 m - the +8 bardiche of the Saviour {vorpal, rF+ rCorr Str+4 Int-4}
   (You found it in a bailey)

   It inflicts extra damage upon your enemies.
   Str:       It affects your strength (+4).
   Int:       It affects your intelligence (-4).
   rF:        It protects you from fire.
   rCorr:     It protects you from acid and corrosion.
Armour
 j - a +2 ring mail of cold resistance (worn)
 n - a +2 helmet (worn)
 p - a +0 cloak (worn)
 v - a +0 pair of gloves (worn)
 y - the +3 pair of mountain boots (worn) {steadfast, rC+}
   (You acquired it in a bailey)

   It prevents involuntary movement, except for blinking, teleportation, or
   banishment.
   rC:        It protects you from cold.
 B - a +1 leather armour of poison resistance
Jewellery
 s - an amulet of reflection (around neck)
 u - a +4 ring of evasion (left hand)
 w - a ring of wizardry
Wands
 A - a wand of flame (10)
 E - a wand of acid (8)
 G - a wand of charming (12)
Scrolls
 b - 3 scrolls of poison
 d - a scroll of summoning
 f - 6 scrolls of magic mapping
 h - 2 scrolls of silence
 i - 3 scrolls of teleportation
 l - 3 scrolls of immolation
 D - a scroll of fear
Potions
 c - a potion of lignification {unknown}
 e - 3 potions of might
 g - a potion of haste
 k - 2 potions of degeneration
 o - 2 potions of curing
 q - a potion of mutation {unknown}
 r - 5 potions of heal wounds
 t - 3 potions of flight
 x - a potion of magic
 z - 2 potions of cancellation {unknown}
 C - a potion of brilliance {unknown}


   Skills:
 + Level 9.5 Fighting
 * Level 11.3 Ranged Weapons
 * Level 10.7 Armour
 - Level 3.0 Dodging
 - Level 1.1 Spellcasting
 - Level 3.2 Hexes


You had 10 spell levels left.
You knew the following spells:

 Your Spells              Type           Power      Damage    Failure   Level
a - Slow                  Hex            56%        N/A       7%          1

Your spell library contained the following spells:

 Spells                   Type           Power      Damage    Failure   Level
 Scorch                   Fire           2%         2d5       36%         2
 Inner Flame              Hex/Fire       8%         N/A       36%         3
 Portal Projectile        Hex/Tloc       16%        N/A       36%         3
 Cause Fear               Hex            7%         N/A       54%         4
 Call Canine Familiar     Summ           1%         N/A       58%         3
 Leda's Liquefaction      Hex/Erth       4%         N/A       77%         4
 Flame Wave               Conj/Fire      1%         2d4       94%         4
 Summon Cactus Giant      Summ           0%         N/A       100%        6


Dungeon Overview and Level Annotations

Branches:
Dungeon (9/15)             Temple (1/1) D:6           Sewer (visited)
 Bailey (visited)
   Lair: D:8-11         Orc: D:9-12

Altars:
Ashenzari
Cheibriados
Dithmenos
Elyvilon
Fedhas
Gozag
Hepliaklqana
Makhleb
Nemelex Xobeh
Okawaru
Qazlal
Ru
Sif Muna
Trog
Uskayaw
Vehumet
Wu Jian
Xom
Yredelemnul
Zin
The Shining One

Shops:
D:7 :   D:9 !

Annotations:
D:3 3 runed translucent doors, anonymousknight's ghost, amateur OgBe


Innate Abilities, Weirdness & Mutations

You are amphibious.
You cover ground slowly.
You can hop short distances.
You have an extended range of vision and can be seen from far away.


Message History

The sling bullet hits the boulder beetle but does no damage.
The boulder beetle is almost dead.
The boulder beetle leaps!
Fire: a) +4 sling
Press: ? - help, Shift-Dir - straight line, f/p - boulder beetle
Aim: a boulder beetle (almost dead, 92% to hit)
You shoot a sling bullet.
The sling bullet hits the boulder beetle but does no damage.
The boulder beetle is almost dead.
Fire: a) +4 sling
Press: ? - help, Shift-Dir - straight line, f/p - boulder beetle
Aim: a boulder beetle (severely wounded, 92% to hit)
You shoot a sling bullet.
The sling bullet hits the boulder beetle but does no damage.
The boulder beetle is severely wounded.
The boulder beetle curls into a ball and begins rolling!
Unknown command.
Fire: a) +4 sling
Press: ? - help, Shift-Dir - straight line, f/p - boulder beetle
Aim: a boulder beetle (severely wounded, rolling, 92% to hit)
You shoot a sling bullet.
The sling bullet hits the boulder beetle but does no damage.
The boulder beetle is severely wounded.
Unknown command.
Fire: a) +4 sling
Press: ? - help, Shift-Dir - straight line, f/p - boulder beetle
Aim: a boulder beetle (severely wounded, rolling, 92% to hit)
You shoot a sling bullet.
The sling bullet hits the boulder beetle but does no damage.
The boulder beetle is severely wounded.
The boulder beetle hits you!!
* * * LOW HITPOINT WARNING * * *
The boulder beetle stops rolling and uncurls.
Fire: a) +4 sling
Press: ? - help, Shift-Dir - straight line, f/p - boulder beetle
Aim: a boulder beetle (severely wounded, 92% to hit)
You shoot a sling bullet.
The sling bullet barely misses the boulder beetle.
The boulder beetle bites you!
You die...

..... ..... .....
.... ...
####'#### # .# .
#.......# .##.#
....##.......##
...
....'...@B....+
...
...##.....°...##
... #...........#
#.# ###......[###
#.# .#
#.#+#...#)#.# #.#
..##...#####.†.##
#<#
#.'......#.))...+
##<#
##......#......##
##..#
#.......#)......#


You could see a boulder beetle.

Vanquished Creatures
  A two-headed ogre (D:8)
  An orc knight (Bailey)
  Pikel (D:6)
  Sigmund (D:2)
  A wraith (D:8)
  Eustachio (D:5)
  A steam dragon (D:7)
  2 water moccasins
  2 black bears
  3 ice beasts
  A sky beast (D:7)
  8 orc warriors
  A centaur (D:8)
  2 phantoms (D:5)
  2 lemures (D:6)
  5 kobold brigands
  2 bullfrogs (D:8)
  3 scorpions
  8 killer bees (D:9)
  A jelly (D:7)
  2 gnoll boudas
  4 orc priests
  3 hounds
  11 orc wizards
  3 iguanas
  Robin (D:2)
  10 adders
  11 gnolls
  A river rat (Sewer)
  A white imp (D:6)
  3 worms (D:6)
  3 dart slugs
  33 orcs
  8 ball pythons
  9 endoplasms
  4 giant cockroaches
  12 goblins
  8 hobgoblins
  4 jackals (D:4)
  3 quokkas
  2 bats
  A frilled lizard (D:1)
  37 kobolds
  8 rats
229 creatures vanquished.

Vanquished Creatures (others)
  60 plants (D:6)
60 creatures vanquished.

Grand Total: 289 creatures vanquished

Notes
Turn   | Place    | Note
-------+----------+-------------------------------------------
     0 | D:1      | oldriver the Barachi Hexslinger began the quest for the
                  | Orb.
     0 | D:1      | Reached XP level 1. HP: 15/15 MP: 2/2
    74 | D:1      | Found a faded altar of an unknown god.
   374 | D:1      | Reached XP level 2. HP: 18/22 MP: 3/3
   657 | D:1      | Reached skill level 3 in Ranged Weapons
   657 | D:1      | Reached XP level 3. HP: 27/27 MP: 4/4
  1176 | D:2      | Noticed Robin
  1183 | D:2      | Killed Robin
  1193 | D:2      | Reached XP level 4. HP: 26/34 MP: 5/5
  1274 | D:2      | Noticed Sigmund
  1388 | D:2      | Killed Sigmund
  1389 | D:2      | Reached skill level 4 in Ranged Weapons
  1389 | D:2      | Reached XP level 5. HP: 27/42 MP: 6/6
  1428 | D:2      | Reached skill level 5 in Ranged Weapons
  1575 | D:2      | Identified the +3 dagger "Waizach" {speed, Str+6 Stlth+}
  1877 | D:3      | Found a runed translucent gate.
  1877 | D:3      | Found a runed translucent gate.
  1877 | D:3      | Found a runed translucent gate.
  2055 | D:3      | Noticed anonymousknight's ghost (amateur OgBe)
  2266 | D:4      | Reached XP level 6. HP: 46/48 MP: 7/7
  2672 | D:4      | Noticed a black bear
  2789 | D:4      | Reached skill level 1 in Armour
  3157 | D:4      | Reached XP level 7. HP: 36/55 MP: 8/8
  3506 | D:5      | Entered Level 5 of the Dungeon
  3536 | D:5      | Reached skill level 6 in Ranged Weapons
  3564 | D:5      | Reached skill level 5 in Fighting
  3734 | D:5      | Reached XP level 8. HP: 49/63 MP: 9/9
  3811 | D:5      | Noticed Eustachio
  3887 | D:4      | Reached skill level 7 in Ranged Weapons
  4220 | D:5      | Killed Eustachio
  4635 | D:5      | Found a hazy altar of Hepliaklqana.
  4765 | D:6      | Reached skill level 8 in Ranged Weapons
  4854 | D:6      | Found a glowing drain.
  4886 | Sewer    | Entered a sewer
  4947 | Sewer    | Reached skill level 5 in Armour
  5562 | Sewer    | Reached XP level 9. HP: 51/71 MP: 10/10
  5836 | D:6      | Noticed Pikel
  5991 | D:6      | Found a staircase to the Ecumenical Temple.
  6021 | Temple   | Entered the Ecumenical Temple
  6131 | Temple   | Became a worshipper of Cheibriados the Contemplative
  6187 | D:6      | Killed Pikel
  6188 | D:6      | Reached skill level 9 in Ranged Weapons
  6784 | D:7      | Reached * piety under Cheibriados
  6928 | D:7      | Found Huyse Deh's Tremendous Tomes.
  7148 | D:7      | Found a flagged portal.
  7168 | Bailey   | Entered a bailey
  7680 | Bailey   | Identified the +8 bardiche of the Saviour {vorpal, rF+
                  | rCorr Str+4 Int-4}
  7682 | Bailey   | Noticed an orc knight
  7724 | Bailey   | Reached ** piety under Cheibriados
  7725 | Bailey   | Reached skill level 10 in Ranged Weapons
  7748 | Bailey   | Killed an orc knight
  7749 | Bailey   | Reached XP level 10. HP: 46/82 MP: 11/11
  7900 | Bailey   | Acquired the +3 pair of mountain boots {steadfast, rC+}
  7900 | Bailey   | Found the +3 pair of mountain boots {steadfast, rC+}
  8667 | D:8      | Identified the +11 quarterstaff of the Solstice {venom,
                  | *Slow rPois rN++ Will+}
  8718 | D:8      | Found a basalt altar of Yredelemnul.
  8799 | D:8      | Found a bloodstained altar of Trog.
  9044 | D:8      | Noticed a two-headed ogre
  9062 | D:8      | Killed a two-headed ogre
  9063 | D:8      | Reached skill level 11 in Ranged Weapons
  9132 | D:8      | Noticed a seven-headed hydra
  9145 | D:8      | Reached skill level 10 in Armour
  9147 | D:8      | Reached *** piety under Cheibriados
  9397 | D:9      | Found Ulikox's Distillery.
  9686 | D:9      | Noticed a boulder beetle
  9839 | D:9      | Slain by a boulder beetle

Illustrated notes

Levels and vault maps discovered:
D:1:      dpeg_arrival_prison, layout_basic,
          shapermc_ecumenical_altar_mp_highgroup, minmay_misc_feat_room,
          minmay_box_of_dots
D:2:      layout_rooms, minmay_misc_feat_encased, uniq_sigmund, uniq_robin
D:3:      layout_loops_ring, ebering_ghost_rock_garden
D:4:      layout_loops_ring
D:5:      layout_rooms, mainiacjoe_overflow_alcove_2, uniq_eustachio
D:6:      kennysheep_kobold_camp, layout_basic, minmay_temple_entry_water_ring,
          cheibrodos_sewer_entry_bend, uniq_pikel
D:7:      layout_loops_corners, enter_bailey_4, nicolae_shop_i_like_big_books
D:8:      layout_gridville, nicolae_overflow_crystal_walls,
          mainiacjoe_overflow_brackets, chequers_serial_rivers_micro_a,
          onia_ninara_dug_in_and_dangerous
D:9:      nicolae_cairo_tiling_very_big, layout_rooms,
          overflow_temple_1_default, serial_shops, nicolae_shop_hallway_stairs,
          minmay_unpleasant_kobolds
Temple:   mainiacjoe_temple_coin_purse

Skill      XL: |  1  2  3  4  5  6  7  8  9 10 |
---------------+-------------------------------+-----
Fighting       | 2 3 4 5 6 8 9 |  9.5
Ranged Weapons | 3 4 5 6 8 10 11 | 11.3
Armour         | 2 3 5 7 10 | 10.7
Dodging        | 3 |  3.0
Spellcasting   | |  1.1
Hexes          | |  3.2

Action                   |  1- 3 |  4- 6 |  7- 9 | 10-12 || total
-------------------------+-------+-------+-------+-------++-------
Melee: Sling             |       |       |     3 |     1 ||     4
 Fire: Sling             |   139 |   160 |   771 |   285 ||  1355
 Cast: Slow              |     2 |       |       |     2 ||     4
 Abil: Hop               |       |     3 |     3 |     1 ||     7
Evoke: Wand              |       |       |     1 |       ||     1
  Use: Scroll            |       |     5 |    12 |     4 ||    21
       Potion            |       |     3 |     1 |       ||     4
Armor: Robe              |     4 |       |       |       ||     4
       Ring mail         |    14 |    61 |   197 |    79 ||   351
Dodge: Dodged            |    62 |    50 |   384 |   111 ||   607
Block: Other             |       |       |   137 |    46 ||   183
       Reflection        |       |       |    11 |       ||    11

Table legend: (Time is in decaauts)
 A = Elapsed time spent in this place.
 B = Non-inter-level travel time spent in this place.
 C = Inter-level travel time spent in this place.
 D = Time resting spent in this place.
 E = Time spent auto-exploring this place.
 F = Levels seen in this place.
 G = Mean time per level.
                   A        B        C        D        E       F      G
               +--------+--------+--------+--------+--------+-----+--------+
         Total |  12111 |  11451 |    660 |   1870 |   6497 |  12 | 1009.2 |
       Dungeon |  10149 |   9522 |    627 |   1213 |   5858 |   9 | 1127.7 |
        Temple |    149 |    117 |     32 |      0 |     99 |   1 |  149.0 |
         Sewer |    856 |    856 |      0 |    399 |    284 |   1 |  856.0 |
        Bailey |    955 |    955 |      0 |    258 |    255 |   1 |  955.0 |
               +--------+--------+--------+--------+--------+-----+--------+

Top non-repeatable levels by time:
     D:4: 1690 daAuts
     D:8: 1374 daAuts
     D:7: 1369 daAuts
     D:1: 1245 daAuts
     D:6: 1241 daAuts
     D:5: 1239 daAuts
  Bailey: 955 daAuts
     D:2: 870 daAuts
   Sewer: 856 daAuts
     D:3: 581 daAuts
     D:9: 537 daAuts
  Temple: 149 daAuts
